 Dungeon Crawl Stone Soup version 0.27-a0-1139-g28e009f8a6 (webtiles) character file.

Game seed: 587073414124493276

63371 DasRunzen the Fighter (level 14, -3/106 (110) HPs)
             Began as a Demonspawn Gladiator on May 7, 2021.
             Was the Champion of Okawaru.
             Killed by divine providence
             ... invoked by an orc high priest
              (10 damage)
             ... on level 2 of the Orcish Mines.
             The game lasted 00:54:40 (18512 turns).

DasRunzen the Fighter (Demonspawn Gladiator)       Turns: 18512, Time: 00:54:41

HP:   -3/106 (110)  AC: -2    Str: 15    XL:     14   Next: 67%
MP:   25/25         EV: 18    Int: 16    God:    Okawaru [******]
Gold: 1296          SH:  0    Dex: 19    Spells: 24/28 levels left

rFire    . . .     SeeInvis +   L - +8 Vampire's Tooth {vamp}
rCold    . . .     Faith    .   (no shield)
rNeg     . . .     Spirit   .   B - +3 leather armour {rPois}
rPois    +         Reflect  .   (helmet unavailable)
rElec    .         Harm     .   C - scarf {+Inv}
rCorr    .         Rampage  .   n - +2 pair of gloves
Will     +....                  M - +2 pair of boots {Stlth+}
Stlth    +++++++...             a - amulet of regeneration
HPRegen  1.27/turn              G - ring of Tahekk {Fly rPois Int+2 Slay+3}
MPRegen  0.38/turn              o - +4 ring of protection

@: corroded, flying, lightly drained
A: antennae 3, thin skeletal structure 2, ignite blood 2, augmentation 1, magic
regeneration, hooves 1, no potion heal 1
a: Renounce Religion, Evoke Invisibility, Heroism, Finesse


You were on level 2 of the Orcish Mines.
You worshipped Okawaru.
Okawaru was exalted by your worship.
You visited 3 branches of the dungeon, and saw 17 of its levels.
You also visited: Sewer, Ossuary and Volcano.

You collected 1626 gold pieces.
You spent 330 gold pieces at shops.

Inventory:

Hand Weapons
 b - a +2 long sword of flaming
 k - a +9 short sword of draining
 t - the +3 long sword of the Stork {freeze, rN+}
   (You found it on level 6 of the Dungeon)

   It has been specially enchanted to freeze those struck by it, causing extra
   injury to most foes and up to half again as much damage against particularly
   susceptible opponents.
   It can also slow down cold-blooded creatures.
   It protects you from negative energy.
 I - the +2 rapier "Ocis" {protect, Fragile rCorr Str+4 Int+5}
   (You found it on level 1 of the Lair of Beasts)

   It grants its wielder temporary protection when it strikes (+7 to AC).
   It affects your strength (+4).
   It affects your intelligence (+5).
   It protects you from acid and corrosion.
   It will be destroyed if unequipped.
 L - the +8 Vampire's Tooth (weapon) {vamp}
   (Okawaru gifted it to you on level 3 of the Lair of Beasts)

   It inflicts no extra harm, but heals its wielder when it wounds a living foe.
 W - the +5 bardiche of Cowardice {pain, *Slow rN+ Int+8}
   (Okawaru gifted it to you on level 6 of the Lair of Beasts)

   In the hands of one skilled in necromantic magic, it inflicts extra damage on
   living creatures.
   It affects your intelligence (+8).
   It protects you from negative energy.
   It may slow you when you take damage.
Missiles
 d - 3 throwing nets (quivered)
 q - 13 atropa-tipped darts
Armour
 c - a +1 cloak
 n - a +2 pair of gloves (worn)
 B - a +3 leather armour of poison resistance (worn)
 C - a scarf of invisibility (worn)
 M - a +2 pair of boots of stealth (worn)
 P - a +1 leather armour of fire resistance
 R - the +2 buckler of Sin {rN++ Str+4 Int-3 SInv}
   (Okawaru gifted it to you on level 5 of the Lair of Beasts)

   It affects your strength (+4).
   It affects your intelligence (-3).
   It greatly protects you from negative energy.
   It lets you see invisible.
Jewellery
 a - an amulet of regeneration (around neck)
 j - a ring of protection from cold
 o - a +4 ring of protection (right hand)
 D - an amulet of guardian spirit
 F - an amulet of reflection
 G - the ring of Tahekk (left hand) {Fly rPois Int+2 Slay+3}
   (You found it on level 1 of the Lair of Beasts)

   [ring of flight]

   It affects your intelligence (+2).
   It affects your accuracy and damage with ranged weapons and melee attacks
   (+3).
   It protects you from poison.
   It grants you flight.
 T - a ring of ice
 Y - a ring of magical power
Wands
 f - a wand of digging (16)
 i - a wand of iceblast (19)
 H - a wand of mindburst (16)
 J - a wand of paralysis (6)
 K - a wand of acid (9)
 Q - a wand of flame (38)
 U - a wand of polymorph (3)
 X - a wand of charming (8)
Scrolls
 e - 2 scrolls of blinking
 m - 5 scrolls of magic mapping
 r - 4 scrolls of teleportation
 s - 3 scrolls of amnesia
 y - 3 scrolls of fog
 N - a scroll of summoning
 S - a scroll of enchant weapon
Potions
 g - a potion of berserk rage
 h - a potion of ambrosia
 l - 7 potions of curing
 p - 3 potions of haste
 u - 2 potions of flight
 v - 4 potions of brilliance
 w - 3 potions of magic
 x - 2 potions of might
 z - a potion of heal wounds
 E - 2 potions of invisibility {unknown}
 O - 2 potions of resistance {unknown}


   Skills:
 + Level 10.1 Fighting
 + Level 8.7(9.6) Short Blades
 - Level 6.6(8.7) Long Blades
 - Level 3.4 Polearms
 - Level 1.7 Throwing
 + Level 6.8 Armour
 + Level 9.5 Dodging
 + Level 9.5 Stealth
 + Level 1.3 Shields
 + Level 7.6 Spellcasting
 + Level 8.4 Hexes
 + Level 2.1 Translocations
 + Level 8.6 Invocations
 - Level 5.3 Evocations


You had 24 spell levels left.
You knew the following spells:

 Your Spells              Type           Power      Damage    Failure   Level
a - Slow                  Hex            33%        N/A       1%          2
b - Blink                 Tloc           N/A        N/A       9%          2

Your spell library contained the following spells:

 Spells                   Type           Power      Damage    Failure   Level
 Portal Projectile        Hex/Tloc       46%        N/A       4%          3
 Summon Guardian Golem    Hex/Summ       19%        N/A       8%          3
 Animate Skeleton         Necr           12%        N/A       14%         1
 Beastly Appendage        Tmut           12%        N/A       14%         1
 Magic Dart               Conj           24%        1d4       14%         1
 Pain                     Necr           24%        1d5       14%         1
 Summon Small Mammal      Summ           24%        N/A       14%         1
 Gell's Gravitas          Tloc           6%         N/A       17%         3
 Teleport Other           Tloc           13%        N/A       17%         3
 Call Imp                 Summ           6%         N/A       22%         2
 Wereblood                Tmut           6%         N/A       22%         2
 Call Canine Familiar     Summ           6%         N/A       38%         3
 Conjure Flame            Conj/Fire      6%         6-21      38%         3
 Mephitic Cloud           Conj/Pois/Air  6%         N/A       38%         3
 Spider Form              Tmut/Pois      3%         N/A       38%         3
 Vampiric Draining        Necr           3%         2d6       38%         3
 Invisibility             Hex            33%        N/A       56%         6
 Animate Dead             Necr           3%         N/A       80%         4
 Ice Form                 Ice/Tmut       6%         N/A       80%         4
 Summon Ice Beast         Ice/Summ       6%         N/A       80%         4
 Summon Lightning Spire   Summ/Air       6%         N/A       80%         4
 Agony                    Necr           6%         N/A       98%         5
 Hydra Form               Tmut           3%         N/A       98%         5


Dungeon Overview and Level Annotations

Branches:
Dungeon (9/15)             Temple (0/1) D:7            Lair (6/6) D:9
  Swamp (0/4) Lair:4       Spider (0/4) Lair:2        Slime (0/5) Lair:6
    Orc (2/2) D:9           Sewer (visited)         Ossuary (visited)
Volcano (visited)
    Elf: Orc:2

Altars:
Makhleb
Okawaru
Vehumet
Xom

Shops:
D:3 ?   D:5 *


Innate Abilities, Weirdness & Mutations

You have a pair of large antennae on your head. (SInv)
You have a moderately thin skeletal structure. (Dex +4, Stealth++)
Your demonic aura often causes spilled blood to erupt in flames.
Your magical and physical power is slightly enhanced at high health.
You regenerate magic rapidly.
You have large cloven feet.
Potions are less effective at restoring your health.


Message History

The orc high priest is severely wounded.
The rust devil closely misses you.
The orc high priest hits you with a +0 dire flail!
* * * LOW HITPOINT WARNING * * *
The ice devil barely misses you.
Unknown command.
You closely miss the orc high priest.
The orc high priest is severely wounded.
Unknown command.
You hit the orc high priest.
The orc high priest is severely wounded.
The orc priest hits you with a +0 hand axe.
* * * LOW HITPOINT WARNING * * *
Unknown command.
You hit the orc high priest but do no damage.
The orc high priest is severely wounded.
The rust devil hits you. The rust devil corrodes you!
You hit the orc high priest but do no damage.
The orc high priest is severely wounded.
The ice devil disappears in a puff of smoke!
The orc high priest completely misses you.
Unknown command.
You hit the orc priest but do no damage.
The orc priest hits you with a +0 hand axe.
* * * LOW HITPOINT WARNING * * *
The orc priest mumbles some strange prayers to Beogh against you.
Beogh smites you!
* * * LOW HITPOINT WARNING * * *
Unknown command.
Unknown command.
Blink to where?
Press: ? - help, Dir - move target
As you read the scroll of blinking, it crumbles to dust.
The orc warrior throws a boomerang.
The boomerang barely misses you.
Unknown command.
The orc warrior throws a boomerang.
The boomerang closely misses you.
There is a stone staircase leading up, spattered with blood here.
The orc high priest invokes the aid of Beogh against you.
Beogh smites you!
You die...

{{ #{.){#.......$.......
#.)#)#o..............
###o.)).4o...........
##.#ooo............
#####).............
#.......o........#
#........).))....##...$.....
#.........)))...#....$......
#..#......)@)...............
#.#.......))................
#..........$................
.#.........................
....#.....................
............)....))))....
............)..)..)<.....
................))))...#
................)))...#.


You could see an orc high priest, a rust devil (summoned), 3 orc warriors, an
orc wizard and an orc.

Vanquished Creatures
  Rupert (Lair:4)
  2 orc warlords (Orc:1)
  2 fire dragons
  An ice dragon (Lair:6)
  8 hydras
  A two-headed ogre (Orc:2)
  6 death yaks
  An orc knight (Orc:1)
  A swamp dragon (Lair:6)
  2 lindwurms (Lair:6)
  16 elephants
  3 black mambas
  Joseph (D:7)
  Maggie (D:7)
  6 torpor snails
  13 cane toads
  12 komodo dragons
  2 rime drakes
  2 jumping spiders (Lair:2)
  3 trolls
  A polar bear (Lair:4)
  3 tyrant leeches (Lair:6)
  8 hornets (Lair:6)
  Grinder (D:4)
  A slime creature (D:9)
  13 blink frogs
  6 dream sheep (Lair:6)
  Sigmund (D:6)
  A shadow (D:9)
  7 redbacks (Lair:2)
  5 wyverns
  46 yaks
  3 fire bats (Volcano)
  4 steam dragons
  A basilisk (Lair:3)
  Eustachio (D:4)
  Menkaure (Ossuary)
  4 wargs
  2 acid dragons (Lair:6)
  Edmund (D:4)
  15 water moccasins
  A hell hound (Volcano)
  3 sky beasts
  A hornet zombie (D:5)
  A necrophage (D:8)
  17 orc warriors
  4 black bears
  3 swamp drakes (Lair:6)
  8 wolves
  14 ogres
  4 centaurs
  A kobold brigand (D:7)
  12 bullfrogs
  A wyvern zombie (D:8)
  A gnoll sergeant (D:9)
  An elf skeleton (D:6)
  12 scorpions
  3 water moccasin skeletons
  An electric eel (Lair:1)
  4 howler monkeys
  A bullfrog zombie (D:5)
  2 jellies
  3 lava snakes (D:7)
  3 centaur zombies
  3 hounds
  A human zombie (D:6)
  14 orc priests
  9 iguanas
  Ijyb (D:3)
  A human skeleton (D:6)
  A scorpion zombie (D:5)
  13 orc wizards
  5 hell rats (Lair:5)
  3 mummies (Ossuary)
  12 gnolls
  16 adders
  6 river rats (Sewer)
  2 shadow imps
  A white imp (D:8)
  A dart slug (D:2)
  38 orcs
  16 ball pythons
  11 bats
  3 endoplasms
  5 giant cockroaches
  9 hobgoblins
  3 jackals (D:1)
  4 quokkas
  5 frilled lizards
  2 gnoll skeletons (Ossuary)
  7 gnoll zombies (Ossuary)
  8 goblins
  3 goblin skeletons (Ossuary)
  6 goblin zombies (Ossuary)
  3 hobgoblin skeletons (Ossuary)
  2 hobgoblin zombies (Ossuary)
  13 kobolds
  5 kobold skeletons (Ossuary)
  2 kobold zombies (Ossuary)
  9 orc skeletons
  2 orc zombies (Ossuary)
  26 rats
  5 rat skeletons (Ossuary)
  6 rat zombies (Ossuary)
592 creatures vanquished.

Vanquished Creatures (others)
  A hell hog (Volcano)
  5 dream sheep (D:6)
  A hobgoblin skeleton (Ossuary)
  48 fungi
  42 plants
97 creatures vanquished.

Grand Total: 689 creatures vanquished

Notes
Turn   | Place    | Note
-------+----------+-------------------------------------------
     0 | D:1      | DasRunzen the Demonspawn Gladiator began the quest for the
                  | Orb.
     0 | D:1      | Reached XP level 1. HP: 16/16 MP: 1/1
   251 | D:1      | Gained mutation: Your demonic aura sometimes causes spilled
                  | blood to erupt in flames. [demonic ancestry]
   251 | D:1      | Reached XP level 2. HP: 22/22 MP: 2/2
   486 | D:1      | Found a faded altar of an unknown god.
  1191 | D:2      | Gained mutation: Your demonic aura often causes spilled
                  | blood to erupt in flames. [demonic ancestry]
  1191 | D:2      | Reached XP level 3. HP: 27/28 MP: 3/3
  1943 | D:3      | Gained mutation: You have a somewhat thin skeletal
                  | structure. (Dex +2, Stealth+) [demonic ancestry]
  1943 | D:3      | Reached XP level 4. HP: 34/34 MP: 4/4
  1987 | D:3      | Reached skill level 3 in Fighting
  2210 | D:3      | Found Nitec's Magic Scroll Shop.
  2708 | D:4      | Noticed Ijyb
  2719 | D:3      | Killed Ijyb
  2870 | D:4      | Noticed Grinder
  2876 | D:4      | Noticed an ogre
  2881 | D:4      | Paralysed by Grinder for 5 turns
  2892 | D:3      | Killed an ogre
  2893 | D:3      | Reached skill level 1 in Short Blades
  2893 | D:3      | Reached skill level 1 in Stealth
  2893 | D:3      | Gained mutation: You have a pair of small antennae on your
                  | head. [demonic ancestry]
  2893 | D:3      | Reached XP level 5. HP: 6/41 MP: 5/5
  3259 | D:4      | Paralysed by Grinder for 6 turns
  3598 | D:4      | Noticed a black bear
  3797 | D:3      | Gained mutation: Your magical and physical power is
                  | slightly enhanced at high health. [demonic ancestry]
  3797 | D:3      | Reached XP level 6. HP: 17/48 MP: 6/6
  4013 | D:3      | Reached skill level 4 in Fighting
  4109 | D:4      | Noticed Edmund
  4114 | D:4      | Noticed Eustachio
  4162 | D:4      | Killed Edmund
  4163 | D:4      | Gained mutation: You have a pair of antennae on your head.
                  | [demonic ancestry]
  4163 | D:4      | Reached XP level 7. HP: 54/54 MP: 7/7
  4175 | D:4      | Killed Eustachio
  4387 | D:4      | Killed Grinder
  4388 | D:4      | Reached skill level 5 in Dodging
  4566 | D:4      | Reached skill level 5 in Fighting
  4586 | D:4      | Found an iron altar of Okawaru.
  4855 | D:4      | Gained mutation: You have sharp toenails. [potion of
                  | mutation]
  4855 | D:4      | Gained mutation: You do not regenerate when monsters are
                  | visible. [potion of mutation]
  4873 | D:5      | Entered Level 5 of the Dungeon
  4913 | D:5      | Found Ubruppo's General Store.
  4933 | D:5      | Gained mutation: You have a pair of large antennae on your
                  | head. (SInv) [demonic ancestry]
  4933 | D:5      | Reached XP level 8. HP: 62/62 MP: 8/8
  4958 | D:5      | Reached skill level 1 in Evocations
  5300 | D:5      | Identified the Handbook of the Four Geomancers
  5305 | D:5      | Learned a level 2 spell: Slow
  5480 | D:5      | Reached skill level 1 in Spellcasting
  5480 | D:5      | Reached skill level 1 in Hexes
  6067 | D:5      | Found the +7 Singing Sword {vorpal, sonic wave}
  6096 | D:5      | Reached XP level 9. HP: 17/69 MP: 11/11
  6418 | D:6      | Reached skill level 6 in Fighting
  6418 | D:6      | Reached skill level 5 in Stealth
  6467 | D:6      | Found a sand-covered staircase.
  6472 | Ossuary  | Entered an ossuary
  6732 | Ossuary  | Noticed Menkaure
  6741 | Ossuary  | Killed Menkaure
  6892 | D:6      | Found a glowing drain.
  6913 | Sewer    | Entered a sewer
  7782 | D:6      | Noticed Sigmund
  7790 | D:6      | Killed Sigmund
  7793 | D:6      | Reached skill level 5 in Short Blades
  8206 | D:6      | Found a shimmering altar of Xom.
  8290 | D:6      | Identified the +3 long sword of the Stork {freeze, rN+}
  8316 | D:6      | Found a radiant altar of Vehumet.
  8431 | D:4      | Became a worshipper of Warmaster Okawaru
  8712 | D:7      | Found a staircase to the Ecumenical Temple.
  8807 | D:7      | Noticed Maggie
  8818 | D:7      | Killed Maggie
  8818 | D:7      | Noticed Joseph
  8823 | D:7      | Killed Joseph
  8824 | D:7      | Reached skill level 1 in Long Blades
  8824 | D:7      | Gained mutation: You have a moderately thin skeletal
                  | structure. (Dex +4, Stealth++) [demonic ancestry]
  8824 | D:7      | Reached XP level 10. HP: 65/77 MP: 14/14
  8980 | D:7      | Reached * piety under Okawaru
  9587 | D:7      | Reached skill level 7 in Fighting
  9587 | D:7      | Reached skill level 1 in Armour
  9970 | D:3      | Bought a scroll of brand weapon for 240 gold pieces
  9970 | D:3      | Bought a scroll of enchant weapon for 90 gold pieces
 10101 | D:8      | Lost mutation: You have sharp toenails. [potion of
                  | mutation]
 10101 | D:8      | Lost mutation: You do not regenerate when monsters are
                  | visible. [potion of mutation]
 10101 | D:8      | Gained mutation: Your magical capacity is low. (-10% MP)
                  | [potion of mutation]
 10573 | D:9      | Reached ** piety under Okawaru
 10695 | D:9      | Found a staircase to the Orcish Mines.
 10720 | D:9      | Found a staircase to the Lair.
 10798 | D:9      | Reached *** piety under Okawaru
 10801 | D:9      | Reached skill level 5 in Evocations
 11048 | D:9      | Lost mutation: Your magical capacity is low. (-10% MP)
                  | [potion of mutation]
 11048 | D:9      | Gained mutation: Potions are less effective at restoring
                  | your health. [potion of mutation]
 11048 | D:9      | Gained mutation: You have large cloven feet. [potion of
                  | mutation]
 11287 | D:9      | Reached XP level 11. HP: 84/84 MP: 17/17
 11417 | Lair:1   | Entered Level 1 of the Lair of Beasts
 11663 | Lair:1   | Identified the ring of Tahekk {Fly rPois Int+2 Slay+3}
 11679 | Lair:1   | Noticed a seven-headed hydra
 11696 | Lair:1   | Killed a seven-headed hydra
 11696 | Lair:1   | Reached **** piety under Okawaru
 11742 | Lair:1   | Noticed a four-headed hydra
 11747 | Lair:1   | Killed a four-headed hydra
 11748 | Lair:1   | Reached skill level 5 in Hexes
 11768 | Lair:1   | Reached skill level 1 in Invocations
 11798 | Lair:1   | Noticed a six-headed hydra
 11808 | Lair:1   | Killed a six-headed hydra
 11808 | Lair:1   | Reached ***** piety under Okawaru
 12005 | Lair:1   | Identified the +2 rapier "Ocis" {protect, Fragile rCorr
                  | Str+4 Int+5}
 12414 | Lair:2   | Reached skill level 8 in Fighting
 12448 | Lair:2   | Reached skill level 5 in Spellcasting
 12600 | Lair:2   | Found a hole to the Spider Nest.
 12609 | Lair:2   | Gained mutation: You regenerate magic rapidly. [demonic
                  | ancestry]
 12609 | Lair:2   | Reached XP level 12. HP: 89/93 MP: 19/19
 12713 | Lair:2   | Reached ****** piety under Okawaru
 13000 | Lair:3   | Noticed a seven-headed hydra
 13007 | Lair:3   | Killed a seven-headed hydra
 13108 | Lair:3   | Received a gift from Okawaru
 13109 | Lair:3   | Found the +8 Vampire's Tooth {vamp}
 13416 | Lair:3   | Noticed an eight-headed hydra
 13420 | Lair:3   | Killed an eight-headed hydra
 13421 | Lair:3   | Reached skill level 5 in Invocations
 13499 | Lair:3   | Reached skill level 5 in Long Blades
 13557 | Lair:3   | Received a gift from Okawaru
 14094 | Lair:4   | Reached skill level 5 in Armour
 14113 | Lair:4   | You are sucked into a shaft and drop 2 floors!
 14113 | Lair:6   | Entered Level 6 of the Lair of Beasts
 14126 | Lair:6   | Reached XP level 13. HP: 100/100 MP: 22/22
 14138 | Lair:6   | Reached skill level 9 in Fighting
 14271 | Lair:5   | Found a dark tunnel.
 14302 | Volcano  | Entered a volcano
 14500 | Volcano  | Noticed a fire dragon
 14506 | Volcano  | Killed a fire dragon
 14761 | Lair:4   | HP: 1/101 [death yak (9)]
 14892 | Lair:2   | Identified the +3 short sword "Xisubehi" {vorpal, Dex+3}
                  | (Okawaru gifted it to you on level 2 of the Lair of Beasts)
 14892 | Lair:2   | Received a gift from Okawaru
 15015 | Lair:4   | Noticed Rupert
 15028 | Lair:4   | Paralysed by Rupert for 5 turns
 15037 | Lair:4   | Killed Rupert
 15070 | Lair:4   | Found a staircase to the Swamp.
 15580 | Lair:5   | Identified the +2 buckler of Sin {rN++ Str+4 Int-3 SInv}
                  | (Okawaru gifted it to you on level 5 of the Lair of Beasts)
 15580 | Lair:5   | Received a gift from Okawaru
 16374 | Lair:6   | Found a staircase to the Slime Pits.
 16400 | Lair:6   | Reached XP level 14. HP: 107/108 MP: 24/24
 16641 | Lair:6   | Learned a level 2 spell: Blink
 17197 | Lair:6   | Found a runed translucent door.
 17288 | Lair:6   | Paralysed by a hornet for 1 turns
 17366 | Lair:6   | Reached skill level 1 in Translocations
 17461 | Lair:6   | Identified the +5 bardiche of Cowardice {pain, *Slow rN+
                  | Int+8} (Okawaru gifted it to you on level 6 of the Lair of
                  | Beasts)
 17461 | Lair:6   | Received a gift from Okawaru
 17739 | Orc:1    | Entered Level 1 of the Orcish Mines
 17851 | Orc:1    | Found a burning altar of Makhleb.
 17925 | Orc:1    | Reached skill level 10 in Fighting
 18095 | Orc:2    | Entered Level 2 of the Orcish Mines
 18129 | Orc:2    | Noticed an orc warlord
 18177 | Orc:1    | Killed an orc warlord
 18291 | Orc:2    | Reached skill level 1 in Shields
 18327 | Orc:2    | Noticed an orc warlord
 18374 | Orc:1    | Killed an orc warlord
 18509 | Orc:2    | HP: 4/106 [orc priest/divine providence (14)]
 18512 | Orc:2    | Killed from afar by an orc high priest

Illustrated notes

Levels and vault maps discovered:
D:1:      amcnicky_arrival_double_pillar, layout_rooms,
          hellmonk_ecumenical_altar_pennies_from_heaven,
          chequers_serial_rivers_micro_b, minmay_octomino_j4
D:2:      wander_river, layout_basic
D:3:      layout_basic, serial_shops, shop
D:4:      layout_cave_pools, old_standard_altar, uniq_grinder, uniq_eustachio,
          uniq_edmund, uniq_ijyb
D:5:      old_forge, layout_basic, serial_shops, shop,
          minmay_a_box_with_orc_wizards_in_it
D:6:      layout_basic, kb_xom_exploding_sheep, old_standard_altar,
          gup_sewer_entry_glass, nicolae_ossuary_entry_catacombs, uniq_sigmund
D:7:      layout_loops_cross, minmay_temple_entry_glass, dk_noncrumbling_2,
          kennysheep_diamond, hangedman_abyss_or_decor_stabs,
          kennysheep_minor_cross, uniq_maggie, uniq_joseph
D:8:      layout_rooms
D:9:      minmay_general_purpose_star, layout_stronghold,
          due_lair_maze_entry_diamond, kennysheep_cross_room
Lair:1:   layout_regular_city, minivault_26, chequers_serial_rivers_micro_c,
          infiniplex_staircase_pool
Lair:2:   layout_big_grid, nicolae_spider_entry_tight_spaces,
          lemuel_fruit_fields, serial_bayou_shore_b, lemuel_fruit_tree
Lair:3:   layout_cave_pods, serial_bayou_pond_e, infiniplex_staircase_pool_2,
          grunt_megastairs_5
Lair:4:   layout_cave_shapes, minmay_swamp_entry_reptiles,
          grunt_forest_small_clearing_treed, uniq_rupert
Lair:5:   layout_cellular_growth, nicolae_volcano_entry_two_sided,
          beast_lair_carwin_10
Lair:6:   wormcave, layout_misc_corridors, guppyfry_lair_end_dragon,
          slime_dummy, serial_bayou_lagoon_a
Orc:1:    layout_caves, basic_altar, uniq_harold
Orc:2:    st_orc_congregation, layout_caves

Skill      XL: |  1  2  3  4  5  6  7  8  9 10 11 12 13 14 |
---------------+-------------------------------------------+-----
Dodging        | 3 4 5 6 7 8 9 |  9.5
Polearms       | 3 |  3.4
Fighting       | 3 4 5 6 7 8 9 10 | 10.1
Short Blades   | 1 2 3 4 5 6 7 8 |  8.7
Stealth        | 1 2 3 4 5 6 7 8 9 |  9.5
Evocations     | 2 4 5 |  5.3
Spellcasting   | 1 3 4 5 6 7 |  7.6
Hexes          | 1 3 4 5 6 7 8 |  8.4
Long Blades    | 1 2 4 5 6 |  6.6
Armour         | 2 3 5 6 |  6.8
Invocations    | 3 5 7 8 |  8.6
Translocations | 2 |  2.1
Shields        | 1 |  1.3
Throwing       | |  1.7

Action                   |  1- 3 |  4- 6 |  7- 9 | 10-12 | 13-15 || total
-------------------------+-------+-------+-------+-------+-------++-------
Melee: Trident           |   136 |    18 |    13 |       |       ||   167
       Short sword       |       |    67 |   387 |   353 |       ||   807
       Kick              |       |       |   114 |   103 |       ||   217
       Quick blade       |       |       |       |   107 |   937 ||  1044
Throw: Throwing net      |       |     1 |       |     1 |       ||     2
 Cast: Slow              |       |       |       |       |     4 ||     4
  Use: Scroll            |     4 |     3 |    14 |     7 |     7 ||    35
       Potion            |       |       |     3 |     2 |     2 ||     7
 Stab: Sleeping          |     2 |       |    22 |    36 |    17 ||    77
       Distracted        |       |     1 |     3 |     3 |     1 ||     8
       Held in net/web   |       |     1 |       |       |       ||     1
Armor: Leather armour    |    33 |    16 |    63 |   129 |   122 ||   363
       Skin              |       |    19 |    59 |       |       ||    78
       Robe              |       |       |     3 |       |       ||     3
Dodge: Dodged            |    73 |    33 |   203 |   266 |   346 ||   921

Table legend: (Time is in decaauts)
 A = Elapsed time spent in this place.
 B = Non-inter-level travel time spent in this place.
 C = Inter-level travel time spent in this place.
 D = Time resting spent in this place.
 E = Time spent auto-exploring this place.
 F = Levels seen in this place.
 G = Mean time per level.
                   A        B        C        D        E       F      G
               +--------+--------+--------+--------+--------+-----+--------+
         Total |  17803 |  16841 |    962 |   2874 |  10065 |  20 |  890.2 |
       Dungeon |  10312 |   9673 |    639 |   2231 |   5663 |   9 | 1145.8 |
          Lair |   5562 |   5250 |    312 |    175 |   3810 |   6 |  927.0 |
  Orcish Mines |    572 |    561 |     11 |      0 |    312 |   2 |  286.0 |
         Sewer |    818 |    818 |      0 |    432 |    189 |   1 |  818.0 |
       Ossuary |    332 |    332 |      0 |      0 |      0 |   1 |  332.0 |
       Volcano |    205 |    205 |      0 |     36 |     91 |   1 |  205.0 |
               +--------+--------+--------+--------+--------+-----+--------+

Top non-repeatable levels by time:
     D:3: 2368 daAuts
     D:5: 1280 daAuts
     D:6: 1175 daAuts
     D:4: 1133 daAuts
  Lair:6: 1119 daAuts
     D:7: 1052 daAuts
  Lair:3: 1047 daAuts
     D:1: 1018 daAuts
  Lair:5: 971 daAuts
     D:9: 897 daAuts
  Lair:1: 880 daAuts
  Lair:2: 848 daAuts
     D:2: 846 daAuts
   Sewer: 818 daAuts
  Lair:4: 693 daAuts
